Map: Lerilak Crest

Players

LilDicky

  • Race: Terran Terran
  • League: Diamond

Abandon - Winner!

  • Race: Zerg Zerg
  • League: Diamond

VOD

http://www.twitch.tv/tumescentpie

Description

Time

  • Played on: Nov. 23, 2015, 3:05 p.m.
  • Length: 11:25
Show
View Real Time Build Order
Export as new Build Order

LilDicky Terran 

Build Orders: Reaper Expand, MMM Bio 

Get SALT Encoding   

  12  0:01  SCV  
  13  0:13  SCV  
  14  0:17  Supply Depot  
  14  0:25  SCV  
  15  0:30  Refinery  
  15  0:39  SCV  
  16  0:45  Barracks  
  16  0:52  SCV  
  17  1:04  SCV  
  18  1:16  SCV  
  19  1:32  Reaper  
  20  1:34  Orbital Command  
  20  1:52  Refinery  
  20  1:55  Command Center  
  20  2:04  Reaper  
  21  2:08  Supply Depot  
  21  2:10  SCV  
  22  2:25  Factory  
  22  2:40  SCV  
  23  2:44  Barracks Reactor  
  23  2:46  Supply Depot  
  23  2:52  SCV  
  24  3:04  SCV  
  25  3:09  Orbital Command  
  25  3:16  SCV  
  25  3:17  Supply Depot  
  25  3:19  Starport  
  24  3:28  SCV  
  24  3:30  Hellion  
  26  3:36  SCV  
  26  3:38  Barracks Reactor  
  27  3:43  Supply Depot  
  27  3:45  SCV  
  28  3:52  Hellion x2  
  28  3:55  SCV  
  33  4:03  SCV  
  33  4:04  Liberator x2  
  34  4:14  Hellion x2  
  38  4:18  SCV x2  
  38  4:20  Barracks Tech Lab  
  46  4:27  Refinery  
  46  4:30  SCV x2  
  46  4:53  Marauder  
  46  4:54  Stimpack  
  46  4:58  Barracks  
  46  4:59  Supply Depot  
  44  5:00  Barracks x2  
  44  5:01  Liberator x2  
  41  5:19  Marauder  
  49  5:26  SCV  
  48  5:28  Widow Mine  
  48  5:31  Widow Mine  
  50  5:40  Marine  
  49  5:50  Barracks Tech Lab x2  
  49  5:55  SCV  
  50  6:02  Liberator  
  42  6:20  Marine, Marauder x2  
  42  6:21  Marauder  
  47  6:28  Refinery  
  47  6:38  Marine  
  44  6:42  Hellion x2, Marauder x3  
  44  6:45  SCV  
  51  6:56  Marine  
  47  7:02  SCV x2  
  47  7:03  Marauder  
  47  7:07  Liberator  
  51  7:13  Marine  
  51  7:14  SCV, Marauder  
  40  7:25  Marauder  
  39  7:30  Marine  
  39  7:32  SCV x2, Marauder  
  39  7:35  Marauder  
  40  7:44  SCV x2  
  40  7:45  Marine  
  40  7:48  Marine  
  44  7:52  Marine  
  44  7:56  SCV x2  
  44  7:57  Hellion x2  
  51  7:59  Marine  
  51  8:02  Concussive Shells  
  52  8:07  Marine  
  52  8:12  SCV  
  55  8:13  Marine  
  55  8:14  Barracks Reactor  
  55  8:15  SCV  
  55  8:23  Marauder  
  55  8:24  SCV  
  55  8:25  Marine  
  59  8:33  Marine  
  60  8:39  Engineering Bay  
  57  8:44  Marauder  
  59  8:48  Combat Shields  
  59  8:51  SCV, Marine  
  59  9:05  Marine  
  59  9:09  Marine  
  58  9:23  Marine  
  53  9:26  Marine x3  
  53  9:27  Marauder  
  53  9:28  Banshee, Marine  
  41  9:41  Cloaking Field, Marine  
  41  9:42  SCV  
  41  9:44  Marine x2  
  45  9:56  Marine  
  45  9:59  Command Center  
  46  10:01  Marine  
  46  10:03  Marauder, Marine  
  50  10:08  SCV  
  50  10:14  Marine  
  51  10:20  SCV  
  53  10:31  Supply Depot  
  53  10:47  Marine x2  
  54  10:50  Marauder  
  54  10:52  Marine  
  54  10:56  Marine  
  46  10:58  Marine  
  44  11:05  Marine  
Show
View Real Time Build Order
Export as new Build Order

Abandon Zerg - Winner!

Build Orders: Hatch First 

Get SALT Encoding   

  12  0:01  Drone  
  13  0:08  Drone  
  14  0:16  Overlord  
  14  0:26  Drone, Extractor  
  15  0:35  Drone x2  
  17  0:54  Hatchery  
  17  0:55  Drone  
  17  1:09  Spawning Pool  
  16  1:14  Drone  
  16  1:15  Extractor  
  16  1:18  Drone  
  17  1:20  Drone  
  18  1:34  Drone  
  19  1:40  Overlord  
  19  1:57  Queen  
  19  1:59  Drone  
  19  2:00  Zergling x2  
  23  2:06  Queen  
  23  2:08  Zergling x2  
  26  2:10  Drone  
  27  2:29  Zergling x4  
  29  2:31  Drone x2  
  31  2:39  Overlord  
  31  2:42  Queen  
  33  2:46  Metabolic Boost  
  33  2:57  Roach Warren  
  32  3:10  Drone x4  
  32  3:11  Drone x4  
  39  3:26  Burrow  
  39  3:29  Drone x3, Extractor  
  41  3:40  Drone  
  42  3:42  Overlord x2  
  42  3:55  Roach  
  44  3:57  Overlord  
  44  4:06  Roach x5  
  44  4:07  Roach  
  56  4:21  Roach x2  
  60  4:28  Overlord  
  60  4:32  Hatchery  
  57  4:48  Roach x6  
  69  5:04  Roach x3  
  69  5:05  Overlord x2  
  72  5:24  Drone x3  
  75  5:29  Ravager x3  
  75  5:35  Roach  
  74  5:50  Drone x6  
  74  5:51  Drone x3  
  74  5:55  Drone x2  
  85  6:14  Roach x6  
  95  6:25  Ravager  
  94  6:31  Roach  
  94  6:32  Roach  
  98  6:40  Overlord  
  98  6:41  Overlord x2  
  98  6:44  Extractor  
  98  6:45  Extractor  
  96  6:54  Roach x2  
  93  7:05  Roach x3  
  93  7:06  Roach x3  
  96  7:21  Roach x4  
  93  7:37  Drone x2  
  93  7:38  Drone  
  96  7:49  Lair  
  96  7:52  Extractor  
  96  7:53  Evolution Chamber x2, Drone x3  
  96  7:54  Drone x3  
  96  7:55  Extractor  
  96  7:56  Drone x3  
  101  7:59  Drone  
  101  8:00  Drone  
  101  8:01  Drone  
  101  8:02  Drone x2  
  106  8:11  Ravager x3  
  110  8:20  Ravager  
  110  8:24  Drone x4  
  114  8:33  Hatchery  
  111  8:39  Ravager x3  
  109  8:42  Zergling x16  
  109  8:43  Zergling x4  
  119  8:50  Zergling x2  
  119  8:51  Zergling x2  
  119  8:52  Ravager  
  119  8:54  Overlord x3  
  122  9:06  Baneling Nest  
  122  9:07  Zerg Missile Weapons Level 1, Zerg Ground Armor Level 1  
  101  9:26  Extractor  
  101  9:29  Extractor  
  91  9:32  Roach  
  91  9:33  Roach x11  
  112  9:42  Roach x2  
  116  9:56  Spire, Centrifical Hooks  
  116  9:57  Glial Reconstitution  
  115  10:02  Drone x3  
  115  10:03  Drone x4  
  115  10:04  Drone x6  
  128  10:07  Overseer  
  128  10:10  Overlord x2  
  128  10:22  Hatchery  
  128  10:27  Hatchery  
  126  10:28  Spire  
  126  10:34  Roach  
  126  10:35  Roach x11  
  149  10:42  Hatchery  
  148  10:45  Overseer  
  148  10:47  Spore Crawler  
  127  10:59  Spore Crawler x2  
  127  11:00  Spore Crawler x2  
  127  11:01  Drone x2  
  127  11:02  Drone, Overlord  
  127  11:03  Spore Crawler  
Tags
 
Add a new tag
Caveats
  • Supply blocks, unpowered buildings, or Contaminate may cause inaccurate times.
  • Supply counts are checked every 10 seconds.